 Dungeon Crawl Stone Soup version 0.31-a0-221-gbddc013574 (webtiles) character file.

Game seed: 5102798854503085676

38776 Midn8 the Dancer (level 13, -2/103 HPs)
             Began as a Demonspawn Reaver on July 4, 2023.
             Was a High Priest of Uskayaw.
             Slain by a ten-headed hydra (7 damage)
             ... on level 5 of the Lair of Beasts.
             The game lasted 00:54:23 (18131 turns).

Midn8 the Dancer (Demonspawn Reaver)               Turns: 18131, Time: 00:54:23

Health: -2/103     AC: 30    Str: 15    XL:     13   Next: 65%
Magic:  0/22       EV:  6    Int: 21    God:    Uskayaw [*****.]
Gold:   1056       SH:  0    Dex: 12    Spells: 13/24 levels left

rFire   + . .        a - +8 war axe of Crawling {heavy, rF+ Int+2}
rCold   + . .        (no shield)
rNeg    . . .        X - +2 crystal plate armour {rC+}
rPois   .            P - +1 hat
rElec   .            S - +2 cloak
rCorr   .            I - +0 pair of gloves
SInv    .            T - +1 pair of boots
Will    .....        Z - amulet of guardian spirit Stlth
                     k - +5 ring of evasion
HPRegen 0.37/turn    H - ring "Xil Erime" {AC+4 Str+2}
MPRegen 0.18/turn

%: guardian spirit
@: no status effects
A: antennae 2, foul stench 2, powered by death 2, augmentation 1, sharp scales
1, subdued magic 1
a: Renounce Religion, Stomp, Line Pass, Grand Finale


You were on level 5 of the Lair of Beasts.
You worshipped Uskayaw.
Uskayaw was pleased with you.
You visited 2 branches of the dungeon, and saw 16 of its levels.
You also visited: Ice Cave.

You collected 1357 gold pieces.
You spent 301 gold pieces at shops.

Inventory:

Hand Weapons
 a - the +8 war axe of Crawling (weapon) {heavy, rF+ Int+2}
   (You found it on level 2 of the Dungeon)

   Int:       It affects your intelligence (+2).
   rF:        It protects you from fire.
 M - a +0 broad axe
Missiles
 i - 14 boomerangs
 l - 37 poisoned darts (quivered)
 p - 3 javelins
 x - 5 boomerangs of dispersal
 B - 5 throwing nets
 O - 3 curare-tipped darts
Armour
 I - a +0 pair of gloves (worn)
 P - a +1 hat (worn)
 S - a +2 cloak (worn)
 T - a +1 pair of boots (worn)
 X - a +2 crystal plate armour of cold resistance (worn)
Magical Staves
 b - the staff "Narchediu" {*Corrode rElec Str+8 Stlth+ Air}
   (You found it in an ice cave)

   [staff of air]

   Base accuracy: +5 Base damage: 5 Base attack delay: 1.2 This weapon's minimum
   attack delay (0.6) is reached at skill level 12.
   Str:       It affects your strength (+8).
   rElec:     It insulates you from electricity.
   *Corrode:  It may corrode you when you take damage.
   Air:       It increases the power of your Air spells.
   Stlth:     It makes you more stealthy.
   It falls into the 'Staves' category.
   It is a one-handed weapon.
Jewellery
 k - a +5 ring of evasion (left hand)
 q - a ring of positive energy
 H - the ring "Xil Erime" (right hand) {AC+4 Str+2}
   (You acquired it on level 2 of the Lair of Beasts)

   [ring of protection]

   AC:        It affects your AC (+4).
   Str:       It affects your strength (+2).
 Y - a ring of wizardry
 Z - an amulet of guardian spirit (around neck)
Wands
 o - a wand of mindburst (19)
 v - a wand of flame (25)
 D - a wand of light (7)
 N - a wand of iceblast (9)
 R - a wand of polymorph (9)
Scrolls
 j - 4 scrolls of teleportation
 m - a scroll of fear
 n - a scroll of identify
 r - a scroll of amnesia
 s - a scroll of immolation
 t - 2 scrolls of fog
 w - a scroll of blinking
 E - 2 scrolls of revelation
Potions
 c - 2 potions of enlightenment
 d - 2 potions of might
 e - 5 potions of heal wounds
 f - 6 potions of brilliance
 g - 3 potions of curing
 h - 2 potions of haste
 u - 3 potions of attraction
 z - 2 potions of invisibility
 A - a potion of ambrosia
 F - 3 potions of lignification
 V - a potion of mutation


   Skills:
 - Level 10.0 Fighting
 + Level 11.5(11.7) Axes
 - Level 3.3(8.1) Maces & Flails
 - Level 4.0 Throwing
 - Level 3.2 Armour
 - Level 6.0 Dodging
 - Level 6.0 Spellcasting
 - Level 4.0 Conjurations
 - Level 2.0 Translocations
 - Level 10.0 Air Magic
 - Level 12.0 Invocations


You had 13 spell levels left.
You knew the following spells:

 Your Spells              Type           Power      Damage    Failure   Level
a - Kiss of Death         Conj/Necr      44%        2d8       100%        1
c - Shock                 Conj/Air       100%       1d9       99%         1
r - Airstrike             Air            18%        2d(3-19)  100%        4
s - Momentum Strike       Conj/Tloc      28%        3d8       100%        2
S - Swiftness             Air            37%        N/A       99%         3

Your spell library contained the following spells:

 Spells                   Type           Power      Damage    Failure   Level
 Slow                     Hex            16%        N/A       100%        1
 Summon Small Mammal      Summ           16%        N/A       100%        1
 Cigotuvi's Dreadful Rot  Necr/Pois/Air  30%        N/A       100%        2
 Call Canine Familiar     Summ           4%         N/A       100%        3
 Confusing Touch          Hex            4%         N/A       100%        3
 Hailstorm                Conj/Ice       11%        3d5       100%        3
 Summon Guardian Golem    Hex/Summ       4%         N/A       100%        3
 Vampiric Draining        Necr           4%         2d6       100%        3
 Dispel Undead            Necr           4%         3d7       100%        4
 Death Channel            Necr           2%         N/A       100%        6


Dungeon Overview and Level Annotations

Branches:
Dungeon (11/15)            Temple (0/1) D:5            Lair (5/5) D:9
 Shoals (0/4) Lair:3       Spider (0/4) Lair:3        IceCv (visited)
  Slime: Lair:4-5       Orc: D:9-12

Altars:
Uskayaw

Shops:
D:5 !?*

Annotations:
D:8 3 runed translucent doors, knightboat's ghost, novice OgTm
Lair:2 3 runed translucent doors, Iich's ghost, journeyman DsFi; olmar's ghost, journeyman DgEE; pokeman's ghost, journeyman DEHW; pubby's ghost, journeyman DjGl


Innate Abilities, Weirdness & Mutations

You have a pair of antennae on your head.
You sometimes emit foul miasma when damaged in melee.
You regenerate health from kills.
Your magical and physical power is slightly enhanced at high health.
You are partially covered in razor-sharp scales. (AC +1, Slay +1)
Your spells are a little easier to cast, but a little less powerful.


Message History

Aiming: Grand Finale
Press: ? - help, Shift-Dir - straight line, f/p - nine-headed hydra
Aim: a nine-headed hydra (heavily wounded, blind)
You fail to use your ability.
The nine-headed hydra bites you!
The nine-headed hydra bites you but does no damage.
The nine-headed hydra closely misses you.
The nine-headed hydra bites you but does no damage. x2
The nine-headed hydra bites you.
You emit a cloud of foul miasma!
The nine-headed hydra bites you but does no damage.
The nine-headed hydra barely misses you.
The nine-headed hydra bites you but does no damage.
Unknown command.
You lop one of the nine-headed hydra's heads off!
The eight-headed hydra grows two more!
You hit the ten-headed hydra.
The ten-headed hydra is heavily wounded.
The ten-headed hydra is engulfed in dark miasma.
The ten-headed hydra closely misses you.
The ten-headed hydra barely misses you.
The ten-headed hydra bites you but does no damage.
The ten-headed hydra barely misses you. x2
The ten-headed hydra bites you but does no damage. x4
The ten-headed hydra bites you!
Unknown command.
Unknown command.
You completely miss the ten-headed hydra.
The ten-headed hydra is heavily wounded.
The ten-headed hydra is no longer blind.
The ten-headed hydra is engulfed in dark miasma.
The ten-headed hydra bites you but does no damage.
The ten-headed hydra bites you!
* * * LOW HITPOINT WARNING * * *
The ten-headed hydra bites you!
* * * LOW HITPOINT WARNING * * *
The ten-headed hydra bites you.
* * * LOW HITPOINT WARNING * * *
The ten-headed hydra bites you but does no damage. x2
The ten-headed hydra bites you!
* * * LOW HITPOINT WARNING * * *
The ten-headed hydra bites you!
You die...

......# ## .♣..P.÷...
#.## ..........
##...### .P.......
.##.#....##.......#
.........##÷.P...##
........<†#......P#
##....††.@D......##
##........†........
#..................
##........†.....P##
##.............P##
#..................
...........[.......♣.
..................#..
#...####.............


You could see a ten-headed hydra.

Vanquished Creatures
  Gastronok (D:9)
  A white draconian (IceCv)
  Josephine (D:10)
  Fannar (Lair:1)
  Harold (D:9)
  Erolcha (D:9)
  3 two-headed ogres
  A death yak (Lair:1)
  Sonja (Lair:1)
  A skyshark (Lair:3)
  Nergalle (Lair:1)
  An orb spider (Lair:3)
  2 harpies (Lair:3)
  A lindwurm (Lair:3)
  Pikel (D:4)
  5 elephants (Lair:3)
  Joseph (Lair:1)
  2 black mambas
  2 ice statues (IceCv)
  Maggie (D:10)
  4 rime drakes
  Psyche (D:8)
  8 cane toads
  2 kobold demonologists (D:10)
  2 trolls
  2 ice devils (Lair:3)
  5 blink frogs
  Grinder (D:6)
  A hornet (D:10)
  2 polar bears
  5 dream sheep (Lair:3)
  A shadow (D:10)
  2 wyverns
  41 yaks
  6 wraiths
  4 hogs (D:11)
  A human (D:11)
  A basilisk (Lair:2)
  2 steam dragons
  12 water moccasins
  An acid dragon (D:11)
  3 orc warriors
  4 sky beasts
  4 black bears
  2 ogres
  3 centaurs
  31 wolves
  3 phantoms (D:5)
  3 kobold brigands
  12 bullfrogs
  3 scorpions
  5 wights (D:7)
  A gnoll sergeant (D:7)
  5 howler monkeys
  5 lindwurm simulacra (IceCv)
  2 komodo dragon simulacra (IceCv)
  2 jellies
  5 orc priests
  A gnoll bouda (D:8)
  4 hounds
  3 sleepcaps
  5 iguanas
  13 orc wizards
  11 adders
  13 gnolls
  8 acid dragon simulacra (IceCv)
  3 shadow imps
  A white imp (D:6)
  6 steam dragon simulacra (IceCv)
  2 worms
  A dart slug (D:5)
  34 orcs
  8 bats
  11 endoplasms
  5 giant cockroaches
  7 goblins
  3 hobgoblins
  A quokka (D:4)
  10 ball pythons
  6 frilled lizards
  18 kobolds
  4 rats (D:1)
404 creatures vanquished.

Vanquished Creatures (others)
  A rime drake (IceCv)
1 creature vanquished.

Grand Total: 405 creatures vanquished

Notes
Turn   | Place    | Note
-------+----------+-------------------------------------------
     0 | D:1      | Midn8 the Demonspawn Reaver began the quest for the Orb.
     0 | D:1      | Reached XP level 1. HP: 16/16 MP: 3/3
   256 | D:1      | Gained mutation: You regenerate a little health from kills.
                  | [demonic ancestry]
   256 | D:1      | Reached XP level 2. HP: 22/22 MP: 5/5
   266 | D:1      | Learned a level 2 spell: Momentum Strike
   471 | D:1      | Reached skill level 1 in Translocations
   836 | D:2      | Reached XP level 3. HP: 27/27 MP: 6/6
   929 | D:2      | Identified the +8 war axe of Crawling {heavy, rF+ Int+2}
  1733 | D:3      | Gained mutation: You may rarely emit foul miasma when
                  | damaged in melee. [demonic ancestry]
  1733 | D:3      | Reached XP level 4. HP: 30/33 MP: 3/7
  1797 | D:3      | You fall into a shaft and drop 2 floors!
  1797 | D:5      | Entered Level 5 of the Dungeon
  2115 | D:3      | Found a hide-covered altar of Uskayaw.
  2119 | D:3      | Became a worshipper of Uskayaw the Reveller
  2161 | D:3      | Reached * piety under Uskayaw
  2238 | D:3      | Reached ** piety under Uskayaw
  2242 | D:3      | Reached skill level 1 in Axes
  2243 | D:3      | Reached *** piety under Uskayaw
  2244 | D:3      | Reached **** piety under Uskayaw
  2246 | D:3      | Reached XP level 5. HP: 34/38 MP: 4/8
  2342 | D:3      | Found a faded altar of an unknown god.
  2767 | D:4      | Reached XP level 6. HP: 40/44 MP: 6/9
  3487 | D:4      | Reached skill level 5 in Axes
  3763 | D:5      | Found Fuyfopt's Distillery.
  3770 | D:5      | Noticed Pikel
  3788 | D:4      | Gained mutation: You regenerate health from kills. [demonic
                  | ancestry]
  3788 | D:4      | Reached XP level 7. HP: 12/50 MP: 6/10
  3789 | D:4      | Killed Pikel
  3790 | D:4      | Reached skill level 5 in Fighting
  4057 | D:5      | Gained mutation: You have a pair of small antennae on your
                  | head. [demonic ancestry]
  4057 | D:5      | Reached XP level 8. HP: 62/62 MP: 8/11
  4295 | D:5      | Found a transporter.
  4298 | D:5      | Found Ricoucih's General Store.
  4379 | D:5      | Found a transporter.
  4406 | D:5      | Found a staircase to the Ecumenical Temple.
  4468 | D:5      | Bought a wand of flame (14) for 137 gold pieces
  4594 | D:5      | Found Tiestisy's Magic Scroll Shoppe.
  4602 | D:5      | Bought a scroll of blinking for 82 gold pieces
  4867 | D:6      | Reached skill level 2 in Invocations
  4977 | D:6      | Noticed Grinder
  4985 | D:6      | Killed Grinder
  4986 | D:6      | Reached skill level 5 in Invocations
  4988 | D:6      | Learned a level 1 spell: Shock
  5461 | D:5      | Reached skill level 1 in Air Magic
  5461 | D:5      | Gained mutation: You sometimes emit foul miasma when
                  | damaged in melee. [demonic ancestry]
  5461 | D:5      | Reached XP level 9. HP: 65/68 MP: 10/13
  5824 | D:6      | Learned a level 3 spell: Swiftness
  6305 | D:7      | Noticed a komodo dragon
  6305 | D:7      | Noticed a kobold demonologist
  6599 | D:5      | Bought a scroll of revelation for 82 gold pieces
  6757 | D:7      | Reached skill level 5 in Air Magic
  6944 | D:7      | Learned a level 4 spell: Airstrike
  7140 | D:7      | Reached skill level 6 in Invocations
  7219 | D:8      | Noticed Psyche
  7295 | D:8      | Reached skill level 7 in Invocations
  7466 | D:8      | Killed Psyche
  7467 | D:8      | Gained mutation: You have a pair of antennae on your head.
                  | [demonic ancestry]
  7467 | D:8      | Reached XP level 10. HP: 41/76 MP: 15/15
  7578 | D:8      | Reached skill level 8 in Invocations
  7927 | D:8      | Found a runed translucent gate.
  7927 | D:8      | Found a runed translucent gate.
  7927 | D:8      | Found a runed translucent gate.
  7959 | D:8      | Noticed knightboat's ghost (novice OgTm)
  8108 | D:9      | Noticed Harold
  8207 | D:9      | Killed Harold
  8516 | D:9      | Found a staircase to the Lair.
  8519 | D:9      | Noticed Erolcha
  8537 | D:9      | Killed Erolcha
  8711 | D:9      | Noticed a two-headed ogre
  8714 | D:9      | Killed a two-headed ogre
  8934 | D:9      | Noticed Gastronok
  8961 | D:9      | HP: 3/79 [Gastronok/the air (35)]
  8962 | D:9      | Killed Gastronok
  9600 | D:10     | Entered Level 10 of the Dungeon
  9624 | D:10     | Gained mutation: You are partially covered in razor-sharp
                  | scales. (AC +1, Slay +1) [demonic ancestry]
  9624 | D:10     | Reached XP level 11. HP: 75/86 MP: 17/17
  9665 | D:10     | Noticed a soul eater
  9668 | D:10     | Noticed a sun demon
  9668 | D:10     | Gained mutation: Your spells are a little easier to cast,
                  | but a little less powerful. [a neqoxec]
  9802 | D:10     | Paralysed by a hornet for 2 turns
 10018 | D:10     | Noticed a two-headed ogre
 10024 | D:10     | Killed a two-headed ogre
 10123 | D:10     | Noticed Josephine
 10183 | D:10     | Reached ***** piety under Uskayaw
 10185 | D:10     | Killed Josephine
 10567 | D:10     | Noticed Maggie
 10570 | D:10     | Killed Maggie
 10571 | D:10     | Reached skill level 10 in Air Magic
 10959 | D:11     | Noticed a two-headed ogre
 10975 | D:11     | Killed a two-headed ogre
 11091 | D:11     | Reached skill level 9 in Invocations
 11877 | D:11     | Reached skill level 10 in Invocations
 12225 | Lair:1   | Entered Level 1 of the Lair of Beasts
 12225 | Lair:1   | Noticed Fannar
 12234 | Lair:1   | Killed Fannar
 12235 | Lair:1   | Reached skill level 5 in Spellcasting
 12606 | Lair:1   | Reached XP level 12. HP: 90/92 MP: 13/21
 12827 | Lair:1   | Noticed Nergalle
 12984 | Lair:1   | Killed Nergalle
 13240 | Lair:1   | Noticed Joseph
 13278 | Lair:1   | Killed Joseph
 13779 | Lair:1   | Noticed Sonja
 13783 | Lair:1   | Killed Sonja
 13974 | Lair:1   | Noticed a death yak
 13984 | Lair:1   | Killed a death yak
 14643 | Lair:2   | Identified a scroll of acquirement
 14643 | Lair:2   | Acquired the ring "Xil Erime" {AC+4 Str+2}
 14656 | Lair:2   | Found a runed translucent gate.
 14656 | Lair:2   | Found a runed translucent gate.
 14656 | Lair:2   | Found a runed translucent gate.
 14658 | Lair:2   | Noticed olmar's ghost (journeyman DgEE)
 14658 | Lair:2   | Noticed pubby's ghost (journeyman DjGl)
 14659 | Lair:2   | Noticed pokeman's ghost (journeyman DEHW)
 14659 | Lair:2   | Noticed Iich's ghost (journeyman DsFi)
 15682 | Lair:3   | Reached skill level 10 in Fighting
 15691 | Lair:3   | Reached ****** piety under Uskayaw
 15699 | Lair:3   | Reached skill level 5 in Dodging
 15700 | Lair:3   | Gained mutation: Your magical and physical power is
                  | slightly enhanced at high health. [demonic ancestry]
 15700 | Lair:3   | Reached XP level 13. HP: 103/103 MP: 10/22
 15849 | Lair:3   | Reached skill level 11 in Invocations
 15877 | Lair:3   | Found a frozen archway.
 15924 | IceCv    | Entered an ice cave
 16219 | IceCv    | Reached skill level 12 in Invocations
 16273 | IceCv    | Identified the staff "Narchediu" {*Corrode rElec Str+8
                  | Stlth+ Air}
 16536 | IceCv    | Noticed a white draconian
 16551 | IceCv    | Killed a white draconian
 16552 | IceCv    | Reached skill level 10 in Axes
 16853 | Lair:3   | Found a hole to the Spider Nest.
 16964 | Lair:3   | Found a staircase to the Shoals.
 18093 | Lair:5   | Entered Level 5 of the Lair of Beasts
 18110 | Lair:5   | Identified the +3 leather armour of the Gloaming {rC+ SInv}
 18131 | Lair:5   | HP: 5/103 [ten-headed hydra (10)]
 18131 | Lair:5   | Slain by a ten-headed hydra

Illustrated notes

Levels and vault maps discovered:
D:1:      spicycebolla_arrival_xxxplode, layout_loops_ring
D:2:      layout_loops_ring
D:3:      layout_rooms, mainiacjoe_overflow_24_doors,
          shapermc_ecumenical_altar_ellora
D:4:      layout_basic
D:5:      layout_cave_pools, temple_doors_e, serial_shops,
          nicolae_shop_drivethru, nicolae_take_the_stairs, shop, minmay_holes,
          kennysheep_potato, uniq_pikel
D:6:      layout_cave_pods, uniq_grinder
D:7:      layout_basic, lightli_corner_chamber
D:8:      layout_rooms, gammafunk_ghost_icy, minmay_misc_feat_iff, uniq_psyche
D:9:      layout_small_grid, lair_entry_dummy, uniq_harold, uniq_erolcha,
          uniq_gastronok
D:10:     layout_roguey, uniq_josephine, uniq_maggie
D:11:     layout_layer_cave, grunt_livestock
Lair:1:   wad_woods_structure_01, layout_hall_layers, lemuel_fruit_fields,
          infiniplex_staircase_pool, uniq_sonja, uniq_nergalle, uniq_fannar,
          uniq_joseph
Lair:2:   layout_hall_layers, gammafunk_ghost_cemetery,
          infiniplex_staircase_pool_2
Lair:3:   layout_regular_city, nicolae_shoals_entry_roost,
          nicolae_spider_entry_orb_guardian, portal_ice_cave_demonic_guard
Lair:4:   layout_loops_ring
Lair:5:   grunt_lair_end_beastmaster, layout_small_grid, slime_entry_1,
          gammafunk_ghost_ooze, grunt_megastairs_1

Skill      XL: |  1  2  3  4  5  6  7  8  9 10 11 12 13 |
---------------+----------------------------------------+-----
Maces & Flails | 3 |  3.3
Translocations | 1 2 |  2.0
Conjurations   | 4 |  4.0
Axes           | 2 3 5 7 9 11 | 11.5
Fighting       | 5 6 8 10 | 10.0
Invocations    | 5 7 8 10 12 | 12.0
Spellcasting   | 3 4 6 |  6.0
Air Magic      | 1 6 8 10 | 10.0
Armour         | 2 3 |  3.2
Dodging        | 3 5 6 |  6.0
Throwing       | 4 |  4.0

Action                     |  1- 3 |  4- 6 |  7- 9 | 10-12 | 13-15 || total
---------------------------+-------+-------+-------+-------+-------++-------
  Melee: Mace              |    90 |       |       |       |       ||    90
         War axe           |    32 |    79 |   136 |   282 |   140 ||   669
         Unarmed           |       |       |     4 |       |       ||     4
         Punch             |       |       |     1 |     4 |     1 ||     6
  Throw: Boomerang         |       |     1 |       |       |       ||     1
         Dart              |       |       |    10 |    13 |     3 ||    26
   Cast: Momentum Strike   |     7 |    19 |    22 |     7 |     1 ||    56
         Kiss of Death     |       |     1 |       |     2 |       ||     3
         Shock             |       |       |    29 |    39 |    10 ||    78
         Airstrike         |       |       |       |    66 |    26 ||    92
 Invoke: Stomp             |       |     1 |       |       |       ||     1
  Evoke: Wand              |       |       |     2 |     5 |     2 ||     9
    Use: Scroll            |     7 |     2 |     3 |     8 |     2 ||    22
         Potion            |       |       |       |     1 |       ||     1
   Stab: Paralysed         |       |     1 |     4 |    32 |    27 ||    64
         Sleeping          |       |     1 |       |       |       ||     1
         Confused          |       |       |     1 |       |       ||     1
 Armour: Leather armour    |    49 |     9 |       |       |       ||    58
         Ring mail         |       |     7 |    49 |     3 |       ||    59
         Skin              |       |       |     3 |       |       ||     3
         Steam dragon scal |       |       |       |    45 |       ||    45
         Acid dragon scale |       |       |       |    85 |    42 ||   127
         Crystal plate arm |       |       |       |       |   114 ||   114
  Dodge: Dodged            |    78 |    72 |   129 |   363 |   121 ||   763

Table legend: (Time is in decaauts)
 A = Elapsed time spent in this place.
 B = Non-inter-level travel time spent in this place.
 C = Inter-level travel time spent in this place.
 D = Time resting spent in this place.
 E = Time spent auto-exploring this place.
 F = Levels seen in this place.
 G = Mean time per level.
                   A        B        C        D        E       F      G
               +--------+--------+--------+--------+--------+-----+--------+
         Total |  18612 |  17756 |    856 |   5426 |   8466 |  17 | 1094.8 |
       Dungeon |  12602 |  11914 |    688 |   3496 |   5964 |  11 | 1145.6 |
          Lair |   5212 |   5044 |    168 |   1531 |   2472 |   5 | 1042.4 |
      Ice Cave |    797 |    797 |      0 |    399 |     30 |   1 |  797.0 |
               +--------+--------+--------+--------+--------+-----+--------+

Top non-repeatable levels by time:
  Lair:1: 2441 daAuts
     D:9: 1408 daAuts
    D:11: 1368 daAuts
     D:4: 1346 daAuts
     D:7: 1295 daAuts
    D:10: 1280 daAuts
     D:5: 1279 daAuts
     D:6: 1219 daAuts
  Lair:3: 1075 daAuts
  Lair:2: 1038 daAuts
     D:2: 952 daAuts
     D:8: 862 daAuts
     D:1: 797 daAuts
   IceCv: 797 daAuts
     D:3: 792 daAuts
